 Dungeon Crawl Stone Soup version 0.21.1-1-g345015f (webtiles) character file.

809 TOTEGE the Ruffian (level 7, -11/102 HPs)
             Began as a Troll Berserker on Mar 14, 2018.
             Was an Elder of Trog.
             Mangled by a gnoll
             ... wielding a +0 halberd
              (14 damage)
             ... on level 5 of the Dungeon.
             The game lasted 00:32:19 (4597 turns).

TOTEGE the Ruffian (Troll Berserker)                Turns: 4597, Time: 00:32:20

Health: -11/102    AC:  5    Str: 31    XL:     7   Next: 61%
Magic:  6/6        EV: 11    Int:  3    God:    Trog [****..]
Gold:   137        SH:  0    Dex: 11    Spells: 6/6 levels left

rFire    . . .     SeeInvis .     - Unarmed
rCold    . . .     Gourm    +   (no shield)
rNeg     . . .     Faith    .   a - +0 animal skin
rPois    .         Spirit   .   (helmet restricted)
rElec    .         Reflect  .   (no cloak)
rCorr    .         Harm     .   (gloves unavailable)
MR       .....                  (boots unavailable)
Stlth    ..........             (no amulet)
HPRegen  0.67/turn              (no ring)
MPRegen  0.10/turn              (no ring)

@: berserking, very quick
A: large, unfitting armour, claws 3, fast metabolism 3, gourmand, regeneration
1, shaggy fur 1, tough skin 2
a: Berserk, Trog's Hand, Brothers in Arms, Burn Spellbooks, Renounce Religion


You were on level 5 of the Dungeon.
You worshipped Trog.
Trog was greatly pleased with you.
You were not hungry.

You visited 1 branch of the dungeon, and saw 5 of its levels.

You collected 137 gold pieces.

Inventory:

Hand Weapons
 e - a +0 club
 g - a +2 dagger of draining
 j - a +0 club
 u - a +0 club
 A - a +0 falchion
 B - a +1 dagger of draining
 C - a +0 falchion
 D - a +0 flail
 H - a +0 blowgun
 O - a +0 hunting sling
Missiles
 c - 213 stones (quivered)
 q - 41 arrows
 y - 30 poisoned needles
 G - 16 tomahawks
 J - 49 bolts
 M - 5 silver tomahawks
Armour
 a - a +0 animal skin (worn)
 k - a +0 robe
 l - a +0 ring mail
 n - a +0 leather armour
 s - a +0 chain mail
 z - a +1 pair of boots
 E - a +1 robe of positive energy
 K - a +0 ring mail
Jewellery
 t - an uncursed ring of resist corrosion {unknown}
 v - a cursed amulet of inaccuracy {unknown}
 I - a +2 ring of intelligence {unknown}
Wands
 i - a wand of random effects (21)
Scrolls
 d - 2 scrolls of fear {unknown}
 f - 5 scrolls of identify {unknown}
 h - 2 scrolls of magic mapping {unknown}
 x - 4 scrolls of teleportation {unknown}
 F - 2 scrolls of amnesia {unknown}
 L - a scroll of remove curse
 N - a scroll of immolation {unknown}
Potions
 m - 4 potions of magic {unknown}
 o - 2 potions of curing {unknown}
 p - 2 potions of might {unknown}
 r - a potion of degeneration {unknown}
 w - a potion of brilliance
Comestibles
 b - 5 rations


   Skills:
 * Level 3.8 Fighting
 + Level 1.3 Throwing
 * Level 2.5 Armour
 + Level 3.9 Dodging
 + Level 0.8 Stealth
 + Level 6.1 Unarmed Combat


You had 6 spell levels left.
You didn't know any spells.

Dungeon Overview and Level Annotations

Branches:
Dungeon (5/15)             Temple (0/1) D:4

Altars:
Fedhas
Gozag
Hepliaklqana
Kikubaaqudgha
Uskayaw
Vehumet
Xom
Yredelemnul
The Shining One

Annotations:
D:5 Phong's ghost, novice CeHu


Innate Abilities, Weirdness & Mutations

You are too large for most types of armour.
You have claws for hands.
Your metabolism is lightning-fast.
You like to eat raw meat.
Your natural rate of healing is unusually fast.
You are covered in fur. (AC +1)
You have very tough skin. (AC +2)


Message History

Phong's ghost closely misses you.
You barely miss the gnoll.
The gnoll is lightly wounded.
The gnoll barely misses you.
You barely miss the gnoll.
The gnoll is lightly wounded.
The gnoll hits you but does no damage. The gnoll hits you!
* * * LOW HITPOINT WARNING * * *
The gnoll barely misses you. The gnoll hits you with a whip.
* * * LOW HITPOINT WARNING * * *
The gnoll shaman calls upon its god to speed up the gnoll.
The gnoll seems to speed up.
Phong's ghost hits you!
* * * LOW HITPOINT WARNING * * *
Unknown command.
You are too berserk!
You closely miss Phong's ghost.
Phong's ghost is heavily damaged.
The gnoll completely misses you.
The gnoll hits you from afar with a halberd!
You die...

##. # ... .
##.#######.### #
#..#.##.. ...
#######.#....##.##.####.
......#.#..#.##.#.......
..#<#.#>..........g.....
.<#.#.#.....>...@Wg.....
.##.#.####.#...ggg#.#...
....#.####.#.#.......
.####........#.#......g
#####..###.###.#.###.#..
.......# #.# #.#.. ....
######.# #.# ...... ...
#.# #.# #!#.##. .. #.#
#.#


You could see a gnoll shaman, Phong's ghost and 4 gnolls.

Vanquished Creatures
  A phantom (D:4)
  The ghost of joklet the Magician, an amateur DECj (D:3)
  A scorpion (D:4)
  4 hounds
  2 orc priests
  A bullfrog skeleton (D:5)
  An iguana (D:4)
  3 orc wizards
  2 worker ants (D:4)
  8 adders
  A gnoll (D:5)
  7 worms
  3 dart slugs (D:2)
  5 leopard geckos
  15 orcs
  2 ball pythons
  4 giant cockroaches
  13 goblins
  11 hobgoblins
  12 jackals
  7 bats
  3 frilled lizards
  9 kobolds
  A quokka skeleton (D:4)
  11 rats
128 creatures vanquished.

Notes
Turn   | Place    | Note
-------+----------+-------------------------------------------
     0 | D:1      | TOTEGE the Troll Berserker began the quest for the Orb.
     0 | D:1      | Reached XP level 1. HP: 22/22 MP: 0/0
   130 | D:1      | Reached XP level 2. HP: 28/29 MP: 1/1
  1555 | D:2      | Reached XP level 3. HP: 36/36 MP: 2/2
  1693 | D:2      | Reached ** piety under Trog
  1693 | D:2      | Reached skill level 1 in Throwing
  1693 | D:2      | Reached XP level 4. HP: 36/45 MP: 3/3
  2090 | D:2      | Reached skill level 1 in Armour
  2182 | D:2      | Found an ancient bone altar of Kikubaaqudgha.
  2182 | D:2      | Found a hide-covered altar of Uskayaw.
  2188 | D:2      | Found a basalt altar of Yredelemnul.
  2195 | D:2      | Found a blossoming altar of Fedhas.
  2200 | D:2      | Found a hazy altar of Hepliaklqana.
  2271 | D:2      | Found a shimmering altar of Xom.
  2272 | D:2      | Found a glowing golden altar of the Shining One.
  2275 | D:2      | Found a radiant altar of Vehumet.
  2448 | D:2      | Reached XP level 5. HP: 49/53 MP: 4/4
  2949 | D:3      | Found an opulent altar of Gozag.
  2978 | D:3      | Reached skill level 4 in Unarmed Combat
  2980 | D:3      | Reached *** piety under Trog
  3110 | D:3      | Noticed joklet's ghost (amateur DECj)
  3133 | D:3      | Killed joklet's ghost
  3133 | D:3      | Reached XP level 6. HP: 22/61 MP: 5/5
  3770 | D:4      | Reached skill level 5 in Unarmed Combat
  3887 | D:4      | Found a staircase to the Ecumenical Temple.
  3953 | D:4      | Reached XP level 7. HP: 49/67 MP: 6/6
  3990 | D:4      | Reached **** piety under Trog
  4002 | D:4      | Received a gift from Trog
  4553 | D:5      | Entered Level 5 of the Dungeon
  4584 | D:5      | Noticed Phong's ghost (novice CeHu)
  4585 | D:5      | Reached skill level 6 in Unarmed Combat
  4596 | D:5      | HP: 2/102 [Phong's ghost (8)]
  4597 | D:5      | Mangled by a gnoll

Skill      XL: |  1  2  3  4  5  6  7 |
---------------+----------------------+-----
Fighting       | 3 |  3.8
Throwing       | 1 |  1.3
Dodging        | 3 |  3.9
Armour         | 1 2 |  2.5
Unarmed Combat | 4 5 6 |  6.1
Stealth        | |  0.8

Action                   |  1- 3 |  4- 6 |  7- 9 || total
-------------------------+-------+-------+-------++-------
Melee: Unarmed           |    75 |   185 |    60 ||   320
       Punch             |     1 |     5 |     2 ||     8
Throw: Stone             |    30 |     9 |       ||    39
Invok: Berserk           |       |       |     1 ||     1
  Use: Potion            |       |     2 |       ||     2
       Scroll            |       |     1 |       ||     1
 Stab: Sleeping          |     1 |       |       ||     1
  Eat: Ration            |     3 |     2 |       ||     5
       Chunk             |     2 |    22 |       ||    24
Armor: Animal skin       |    62 |    75 |    16 ||   153
       Skin              |       |     8 |       ||     8
Dodge: Dodged            |    65 |    91 |    39 ||   195
